 Dungeon Crawl Stone Soup version 0.27-a0-1277-g3808f8b1c9 (webtiles) character file.

Game seed: 16808770361652213526

11777 Johnny the Thaumaturge (level 11, -23/73 HPs)
             Began as a Deep Elf Earth Elementalist on June 12, 2021.
             Was a Priest of Dithmenos.
             Annihilated by a boulder beetle (43 damage)
             ... on level 11 of the Dungeon.
             The game lasted 00:14:45 (15566 turns).

Johnny the Thaumaturge (DEEE)                      Turns: 15566, Time: 00:14:45

Health: -23/73     AC: 10    Str:  5    XL:     11   Next: 53%
Magic:  2/29       EV: 12    Int: 24    God:    Dithmenos [***...]
Gold:   848        SH:  0    Dex: 15    Spells: 21/34 levels left

rFire    + . .     SeeInvis .   G - +4 scimitar (flame)
rCold    + + .     Faith    .   (no shield)
rNeg     . . .     Spirit   .   H - +2 robe {rC+}
rPois    .         Reflect  .   C - +2 helmet "Jexkeroc" {rC+}
rElec    .         Harm     .   y - +0 cloak
rCorr    .         Rampage  .   z - +0 pair of gloves
Will     +....                  I - +0 pair of boots
Stlth    +++.......             (no amulet)
HPRegen  0.22/turn              k - ring of wizardry
MPRegen  0.21/turn              o - ring of protection from fire

@: hasted, wreathed by umbra, very quick
A: no striking features
a: Renounce Religion, Shadow Step


You were on level 11 of the Dungeon.
You worshipped Dithmenos.
Dithmenos was most pleased with you.
You visited 2 branches of the dungeon, and saw 12 of its levels.
You also visited: Sewer, Ossuary and Bailey.

You collected 848 gold pieces.

Inventory:

Hand Weapons
 G - a +4 scimitar of flaming (weapon)
Missiles
 b - 138 stones
 B - 2 throwing nets
Armour
 y - a +0 cloak (worn)
 z - a +0 pair of gloves (worn)
 C - the +2 helmet "Jexkeroc" (worn) {rC+}
   (You found it on level 6 of the Dungeon)

   It protects you from cold.
 H - a +2 robe of cold resistance (worn)
 I - a +0 pair of boots (worn)
 K - a +2 tower shield of protection
Jewellery
 k - a ring of wizardry (left hand)
 o - a ring of protection from fire (right hand)
 v - a ring of resist corrosion
 D - a ring of willpower
 L - a ring of wizardry
Wands
 l - a wand of polymorph (12)
 M - a wand of paralysis (9)
Scrolls
 e - 3 scrolls of teleportation
 g - a scroll of blinking
 h - 2 scrolls of fear
 p - 3 scrolls of noise
 q - a scroll of brand weapon {unknown}
 s - a scroll of vulnerability {unknown}
 A - 2 scrolls of immolation {unknown}
 J - a scroll of summoning
Potions
 a - 4 potions of lignification
 d - 3 potions of invisibility {unknown}
 f - a potion of resistance {unknown}
 i - 3 potions of haste
 j - 7 potions of curing
 m - a potion of ambrosia {unknown}
 n - 2 potions of heal wounds {unknown}
 r - a potion of berserk rage {unknown}
 t - a potion of might {unknown}
 w - 2 potions of degeneration {unknown}
 x - a potion of brilliance {unknown}
 E - a potion of attraction {unknown}
 F - 3 potions of flight {unknown}


   Skills:
 * Level 10.7 Fighting
 - Level 2.4 Dodging
 - Level 2.4 Stealth
 + Level 2.5 Shields
 + Level 12.0 Spellcasting
 - Level 1.1 Transmutations
 + Level 10.5 Earth Magic


You had 21 spell levels left.
You knew the following spells:

 Your Spells              Type           Power      Damage    Failure   Level
a - Sandblast             Erth           100%       2d20      1%          1
b - Stone Arrow           Conj/Erth      78%        3d11      1%          3
c - Lee's Rapid Deconstr  Erth           29%        3d16*     1%          5
d - Petrify               Tmut/Erth      42%        N/A       1%          4

Your spell library contained the following spells:

 Spells                   Type           Power      Damage    Failure   Level
 Beastly Appendage        Tmut           38%        N/A       1%          1
 Magic Dart               Conj           56%        1d5       1%          1
 Passwall                 Tmut/Erth      35%        N/A       1%          2
 Wereblood                Tmut           19%        N/A       1%          2
 Searing Ray              Conj           28%        3d4       2%          2
 Spider Form              Tmut/Pois      8%         N/A       4%          3
 Dazzling Flash           Conj/Hex       28%        N/A       5%          3
 Bolt of Magma            Conj/Fire/Erth 15%        4d9       12%         5
 Ice Form                 Ice/Tmut       17%        N/A       14%         4
 Fulminant Prism          Conj/Hex       7%         3d7       16%         4
 Iskenderun's Mystic Bla  Conj/Tloc      14%        2d5       16%         4
 Iron Shot                Conj/Erth      19%        9d4       28%         6
 Iskenderun's Battlesphe  Conj           14%        2d7       41%         5
 Orb of Destruction       Conj           7%         9d3       100%        7
 Spellforged Servitor     Conj/Summ      7%         N/A       100%        7


Dungeon Overview and Level Annotations

Branches:
Dungeon (11/15)            Temple (1/1) D:5             Orc (0/2) D:10
  Sewer (visited)         Ossuary (visited)          Bailey (visited)
   Lair: D:8-11

Altars:
Ashenzari
Cheibriados
Dithmenos
Elyvilon
Fedhas
Gozag
Hepliaklqana
Kikubaaqudgha
Makhleb
Nemelex Xobeh
Okawaru
Qazlal
Ru
Sif Muna
Trog
Uskayaw
Vehumet
Wu Jian
Xom
Yredelemnul
Zin
The Shining One


Message History

* * * LOW HITPOINT WARNING * * *
Aiming: Mindburst
Press: ? - help, Shift-Dir - straight line, f/p - boulder beetle
Aim: a boulder beetle (almost dead, covered in acid, umbra, chance to affect: 48%)
The boulder beetle resists with some effort.
The now-empty wand crumbles to dust.
The boulder beetle bites you but does no damage.
Aiming: Paralyse
Press: ? - help, Shift-Dir - straight line, f/p - boulder beetle
Aim: a boulder beetle (almost dead, covered in acid, umbra, chance to affect: 28%)
Okay, then.
You feel better.
The boulder beetle leaps!
It was a potion of haste.
You feel yourself speed up.
The boulder beetle leaps!
You cannot move.
You start resting.
You hear the faint crackling of a very distant melting archway.
You hear the loud beating of a very distant drum.
You start resting.
Your transformation is almost over.
You start resting.
You feel less wooden.
Your +0 cloak unmelds from your body.
The +2 helmet "Jexkeroc" {rC+} unmelds from your body.
Your +0 pair of gloves unmelds from your body.
Your +0 pair of boots unmelds from your body.
Your +2 robe of cold resistance unmelds from your body.
You feel resistant to cold.
Things that are here:
a +0 giant spiked club; a +0 giant spiked club The boulder beetle curls into a ball and begins rolling!
Casting: Sandblast (safe; 1% risk of failure)
Confirm with . or Enter, or press ? or * to list all spells.
Aiming: Stone Arrow (safe; 1% risk of failure)
Press: ? - help, Shift-Dir - straight line, f/p - boulder beetle
Aim: a boulder beetle (severely wounded, rolling, umbra, 100% to hit)
The stone arrow hits the boulder beetle!
The boulder beetle is almost dead.
The boulder beetle hits you!!!
Ouch! That really hurt!
You die...

#######..#.........#
#....#Z. ..#...
#..#........ #.#
#..#..#..Z#.. .#
#..#....#.... #..#
.... #..# ##.
#########..#
#.....)@B..#
#########°.# #.B○°.#
####>.......
#..#.###. #..#.#
#..# # #<.# ...#


You could see a boulder beetle (rolling).

Vanquished Creatures
  A two-headed ogre (D:11)
  An ogre mage (D:11)
  Erica (D:8)
  Pikel (D:6)
  2 orc knights (Bailey)
  Joseph (D:8)
  The ghost of Delamore the Poker, a novice FoFi of Xom (D:5)
  3 wraiths (D:11)
  8 yaks
  Menkaure (D:5)
  2 steam dragons
  Edmund (D:5)
  2 water moccasins
  2 black bears (D:6)
  6 orc warriors
  2 ice beasts (D:6)
  3 ogres
  4 necrophages
  3 centaurs
  2 phantoms
  2 lemures (D:6)
  A kobold brigand (D:6)
  3 elf zombies (Ossuary)
  2 bullfrogs
  2 scorpions
  A water moccasin skeleton (D:4)
  2 wyvern skeletons (D:7)
  3 howler monkeys
  An electric eel (D:7)
  7 centaur zombies
  A bullfrog zombie (D:5)
  2 human zombies (Ossuary)
  A gnoll shaman (D:9)
  5 orc priests
  A centaur skeleton (D:4)
  4 hounds
  A jelly (D:5)
  2 bullfrog skeletons
  2 iguanas
  Terence (D:3)
  10 orc wizards
  2 killer bee zombies
  A hound zombie (D:5)
  2 mummies (Ossuary)
  A howler monkey zombie (D:8)
  Robin (D:2)
  7 adders
  15 gnolls
  A howler monkey skeleton (D:7)
  A shadow imp (D:6)
  A white imp (D:5)
  2 ufetubi
  An adder zombie (Ossuary)
  An adder skeleton (D:4)
  A worm (D:4)
  A dart slug (D:3)
  54 orcs
  6 ball pythons
  9 bats
  3 endoplasms
  3 giant cockroaches
  15 goblins
  8 hobgoblins
  4 jackals (D:5)
  A quokka (D:1)
  2 frilled lizards (D:1)
  A giant cockroach zombie (D:2)
  2 goblin zombies (Ossuary)
  7 hobgoblin zombies (Ossuary)
  14 kobolds
  9 kobold zombies (Ossuary)
  10 orc zombies (Ossuary)
  A quokka zombie (D:2)
  6 rats
  2 rat zombies (Ossuary)
296 creatures vanquished.

Notes
Turn   | Place    | Note
-------+----------+-------------------------------------------
     0 | D:1      | Johnny the Deep Elf Earth Elementalist began the quest for
                  | the Orb.
     0 | D:1      | Reached XP level 1. HP: 10/10 MP: 6/6
   372 | D:1      | Reached XP level 2. HP: 11/16 MP: 5/8
   572 | D:1      | Reached skill level 1 in Fighting
   847 | D:1      | Found a faded altar of an unknown god.
  1495 | D:2      | Noticed Robin
  1509 | D:2      | Reached XP level 3. HP: 20/20 MP: 7/10
  1535 | D:2      | Killed Robin
  2441 | D:2      | Reached XP level 4. HP: 26/26 MP: 8/11
  2496 | D:3      | Found a blossoming altar of Fedhas.
  2516 | D:3      | Reached skill level 4 in Spellcasting
  2539 | D:3      | Found a bloodstained altar of Trog.
  3130 | D:3      | Learned a level 3 spell: Stone Arrow
  3245 | D:3      | Noticed Terence
  3251 | D:3      | Killed Terence
  3252 | D:3      | Reached XP level 5. HP: 31/31 MP: 7/13
  4030 | D:4      | Reached XP level 6. HP: 32/37 MP: 1/15
  4252 | D:4      | Reached skill level 5 in Spellcasting
  4914 | D:5      | Entered Level 5 of the Dungeon
  4922 | D:5      | Reached skill level 5 in Earth Magic
  4986 | D:5      | Noticed Edmund
  4990 | D:5      | Killed Edmund
  4991 | D:5      | Reached XP level 7. HP: 28/43 MP: 7/17
  5175 | D:5      | Found a glowing silver altar of Zin.
  5333 | D:5      | Reached skill level 6 in Spellcasting
  5393 | D:5      | Noticed Sigmund
  5489 | D:6      | Reached skill level 5 in Fighting
  5629 | D:6      | Reached XP level 8. HP: 39/49 MP: 13/20
  5650 | D:6      | Noticed Pikel
  5655 | D:6      | Killed Pikel
  5656 | D:6      | Reached skill level 7 in Spellcasting
  5680 | D:6      | Reached skill level 8 in Spellcasting
  5689 | D:6      | Found a glowing drain.
  5698 | Sewer    | Entered a sewer
  6053 | D:6      | Reached XP level 9. HP: 56/56 MP: 13/23
  6507 | D:6      | Found a white marble altar of Elyvilon.
  6547 | D:6      | Identified the +2 helmet "Jexkeroc" {rC+}
  6943 | D:6      | Found a glowing golden altar of the Shining One.
  7217 | D:5      | Noticed Sigmund
  7217 | D:5      | Sigmund changed into Sigmund the gnoll
  7218 | D:5      | Killed Sigmund the gnoll
  7825 | D:5      | Found a staircase to the Ecumenical Temple.
  7825 | D:5      | Noticed Menkaure
  7830 | D:5      | Killed Menkaure
  7881 | Temple   | Entered the Ecumenical Temple
  8122 | Temple   | Became a worshipper of Dithmenos the Shadowed
  8262 | D:5      | Found a transporter.
  8264 | D:5      | Noticed Delamore's ghost (novice FoFi)
  8284 | D:5      | Found a transporter.
  8293 | D:5      | Found a hazy altar of Hepliaklqana.
  8327 | D:5      | Found a snail-covered altar of Cheibriados.
  8336 | D:5      | Reached skill level 9 in Spellcasting
  8430 | D:5      | Found a burning altar of Makhleb.
  8509 | D:5      | Learned a level 5 spell: Lee's Rapid Deconstruction
  8514 | D:5      | Learned a level 4 spell: Petrify
  8519 | D:5      | Killed Delamore's ghost
  8894 | D:7      | Found a hide-covered altar of Uskayaw.
  9460 | D:7      | Found a sand-covered staircase.
  9541 | Ossuary  | Entered an ossuary
  9629 | Ossuary  | Reached * piety under Dithmenos
  9677 | Ossuary  | Reached XP level 10. HP: 48/65 MP: 0/25
  9708 | Ossuary  | Reached ** piety under Dithmenos
 10507 | D:8      | Reached skill level 10 in Spellcasting
 10678 | D:8      | Noticed Erica
 10684 | D:8      | Killed Erica
 10983 | D:8      | Noticed Joseph
 10990 | D:8      | Killed Joseph
 11934 | D:9      | Found a flagged portal.
 11945 | Bailey   | Entered a bailey
 12405 | Bailey   | Noticed an orc knight
 12405 | Bailey   | Noticed an orc knight
 12551 | Bailey   | Killed an orc knight
 12552 | Bailey   | Reached skill level 11 in Spellcasting
 12554 | Bailey   | Killed an orc knight
 12555 | Bailey   | Reached skill level 10 in Fighting
 12930 | D:9      | Found a sacrificial altar of Ru.
 13606 | D:9      | Reached *** piety under Dithmenos
 13607 | D:9      | Reached XP level 11. HP: 55/72 MP: 4/28
 13776 | D:9      | Found a radiant altar of Vehumet.
 13848 | D:9      | Found a broken altar of Ashenzari.
 13935 | D:10     | Entered Level 10 of the Dungeon
 14470 | D:10     | Found a staircase to the Orcish Mines.
 14512 | D:10     | Reached skill level 1 in Shields
 14512 | D:10     | Reached skill level 10 in Earth Magic
 15144 | D:10     | Found a shimmering blue altar of Sif Muna.
 15468 | D:11     | Noticed an ogre mage
 15472 | D:11     | Killed an ogre mage
 15512 | D:11     | Noticed a boulder beetle
 15514 | D:11     | Noticed a two-headed ogre
 15519 | D:11     | Killed a two-headed ogre
 15520 | D:11     | Reached skill level 12 in Spellcasting
 15527 | D:11     | HP: 5/109 [boulder beetle (21)]
 15566 | D:11     | Annihilated by a boulder beetle

Illustrated notes

Levels and vault maps discovered:
D:1:      dpeg_arrival_windows_large_door, layout_loops_corners,
          hellmonk_ecumenical_altar_leap_of_faith
D:2:      layout_loops_cross, serial_undead, serial_undead_c, serial_undead_c,
          serial_undead_b, serial_undead_d, serial_undead_c, serial_undead_b,
          uniq_robin
D:3:      layout_rooms, fedhas_altar_3, trog_three_pillars_becter, uniq_terence
D:4:      layout_cave_pods, chequers_serial_rivers_small_b
D:5:      layout_rooms, nzn_hepliaklqana_mist_gate, zin_treasury,
          jmf_multi_god_temple, minmay_temple_entry_slanted,
          gammafunk_ghost_smash, serial_glass, glass_columns_c, glass_columns_a,
          glass_columns_b, glass_columns_a, glass_columns_c, glass_columns_c,
          uniq_sigmund, uniq_menkaure, uniq_edmund
D:6:      layout_basic, kennysheep_little_box, nicolae_elyvilon_peaceful_grove,
          portal_sewer_entry_d, uniq_pikel
D:7:      layout_loops_corners, nicolae_uskayaw_suspiria,
          lightli_ossuary_entry_decrepit_ruins, serial_park_tiny_pond,
          serial_bayou_ford_a, abandoned_shop
D:8:      layout_layer_cave, uniq_joseph, uniq_erica
D:9:      layout_basic, lemuel_crystal_altar, overflow_temple_1_default,
          nicolae_overflow_hidden_temple, enter_bailey_2, palyth_stone_intersect
D:10:     layout_grid_maze, lemuel_blue_sif_altar, hiddenorc1_lemuel,
          kennysheep_donut
D:11:     minmay_the_grid_4x2 [minmay_the_grid_pillar_ring,
          minmay_the_grid_aliased_spiral, minmay_the_grid_minigrid_large,
          minmay_the_grid_medium_cups, minmay_the_grid_zigzag_pyramid,
          minmay_the_grid_tri_star, minmay_the_grid_minigrid_small,
          minmay_the_grid_prize_diamond_cup], layout_rooms,
          portal_ice_cave_entry_pillars_1, gauntlet_entry_generic, hex_large
Temple:   jpeg_temple_island

Skill      XL: |  1  2  3  4  5  6  7  8  9 10 11 |
---------------+----------------------------------+-----
Fighting       | 1 2 3 4 5 6 8 10 | 10.7
Spellcasting   | 4 5 6 8 9 11 12 | 12.0
Earth Magic    | 4 5 6 7 8 9 10 | 10.5
Shields        | 2 |  2.5
Dodging        | |  2.4
Stealth        | |  2.4
Transmutations | |  1.1

Action                   |  1- 3 |  4- 6 |  7- 9 | 10-12 || total
-------------------------+-------+-------+-------+-------++-------
Melee: Unarmed           |    29 |    18 |       |       ||    47
       Short sword       |       |    57 |    99 |    20 ||   176
       Scimitar          |       |       |       |    46 ||    46
 Cast: Sandblast         |    59 |    30 |    55 |    56 ||   200
       Stone Arrow       |       |    10 |    78 |    45 ||   133
       Lee's Rapid Decon |       |       |    10 |    32 ||    42
       Petrify           |       |       |       |     4 ||     4
Evoke: Wand              |       |       |    13 |    26 ||    39
  Use: Potion            |       |       |     3 |     5 ||     8
       Scroll            |       |       |       |     4 ||     4
 Stab: Sleeping          |     4 |     3 |       |     3 ||    10
Armor: Robe              |    10 |    21 |    57 |    81 ||   169
       Skin              |       |       |    12 |     4 ||    16
Dodge: Dodged            |    44 |    50 |   158 |   105 ||   357
       Rpst.: Scimitar   |       |       |       |    19 ||    19

Table legend: (Time is in decaauts)
 A = Elapsed time spent in this place.
 B = Non-inter-level travel time spent in this place.
 C = Inter-level travel time spent in this place.
 D = Time resting spent in this place.
 E = Time spent auto-exploring this place.
 F = Levels seen in this place.
 G = Mean time per level.
                   A        B        C        D        E       F      G
               +--------+--------+--------+--------+--------+-----+--------+
         Total |  15660 |  15086 |    574 |   2463 |  10619 |  15 | 1044.0 |
       Dungeon |  13835 |  13319 |    516 |   1867 |   9790 |  11 | 1257.7 |
        Temple |    309 |    251 |     58 |      0 |    248 |   1 |  309.0 |
         Sewer |    211 |    211 |      0 |      0 |    177 |   1 |  211.0 |
       Ossuary |    408 |    408 |      0 |    128 |    109 |   1 |  408.0 |
        Bailey |    895 |    895 |      0 |    468 |    294 |   1 |  895.0 |
               +--------+--------+--------+--------+--------+-----+--------+

Top non-repeatable levels by time:
     D:5: 1701 daAuts
     D:6: 1688 daAuts
     D:1: 1646 daAuts
    D:10: 1520 daAuts
     D:4: 1512 daAuts
     D:8: 1373 daAuts
     D:7: 1282 daAuts
     D:9: 1224 daAuts
     D:3: 932 daAuts
  Bailey: 895 daAuts
     D:2: 833 daAuts
 Ossuary: 408 daAuts
  Temple: 309 daAuts
   Sewer: 211 daAuts
    D:11: 118 daAuts
